 Dungeon Crawl Stone Soup version 0.28.0-45-g0d030f2227 (webtiles) character file.

Game seed: 11950677916959527777

22 pkoi the Charlatan (level 2, 0/22 HPs)
             Began as a Demigod Artificer on Apr 11, 2022.
             Succumbed to a kobold's poison
             ... on level 1 of the Dungeon.
             The game lasted 00:01:13 (1212 turns).

pkoi the Charlatan (Demigod Artificer)              Turns: 1212, Time: 00:01:13

Health: 0/22       AC:  3    Str: 13    XL:     2   Next: 51%
Magic:  4/4        EV: 11    Int: 13    God:
Gold:   18         SH:  0    Dex: 14    Spells: 1/1 levels left

rFire   . . .      SeeInvis .   i - +0 short sword
rCold   . . .      Faith    .   (no shield)
rNeg    . . .      Spirit   .   b - +0 leather armour
rPois   .          Reflect  .   (no helmet)
rElec   .          Harm     .   (no cloak)
rCorr   .          Rampage  .   (no gloves)
Will    .....                   (no boots)
Stlth   +.........              (no amulet)
HPRegen 0.07/turn               (no ring)
MPRegen 0.09/turn               (no ring)

@: lethally poisoned (0 -> -15)
A: high MP 1, forlorn, divine attributes
a: no special abilities


You were on level 1 of the Dungeon.
You visited 1 branch of the dungeon, and saw 1 of its levels.

You collected 18 gold pieces.

Inventory:

Hand Weapons
 a - a +0 club
 i - a +0 short sword (weapon)
Armour
 b - a +0 leather armour (worn)
Wands
 c - a wand of flame (11) (quivered)
 d - a wand of charming (11)
Scrolls
 f - 2 scrolls of amnesia {unknown}
Potions
 h - a potion of ambrosia {unknown}
 j - 2 potions of heal wounds {unknown}
Miscellaneous
 e - a piece from Xom's chessboard (15/15)


   Skills:
 - Level 0.8 Fighting
 - Level 1.7 Armour
 - Level 0.8 Dodging
 - Level 0.8 Stealth
 + Level 3.6 Evocations


You had one spell level left.
You didn't know any spells.
Your spell library was empty.

Dungeon Overview and Level Annotations

Branches:
Dungeon (1/15)


Innate Abilities, Weirdness & Mutations

You have an increased reservoir of magic. (+10% MP)
You shall have no god before yourself.
Your divine heritage dramatically boosts your attributes as you level up.


Message History

f - 2 scrolls labelled TOTWIP SABRUTT (gained 1)
A kobold comes into view. It is wielding a +2 dagger of venom.
The kobold shouts!
You hear an angry hiss.
There is a stone staircase leading down here.
A kobold is nearby!
There are no items here.
The kobold misses you.
You hit the kobold but do no damage. The kobold barely misses you.
You hit the kobold but do no damage.
The kobold hits you with a +2 dagger of venom.
You are poisoned.
A frilled lizard comes into view.
You hit the kobold.
The kobold is moderately wounded.
You feel sick. The kobold hits you but does no damage.
You are more poisoned.
The kobold hits you with a +2 dagger of venom.
* * * LOW HITPOINT WARNING * * *
You are lethally poisoned!
Aiming: Charm
Press: ? - help, Shift-Dir - straight line, f - kobold
Aim: a kobold, wielding a +2 dagger of venom (moderately wounded, chance to affect: 74%)
Okay, then.
Unknown command.
Aiming: Throw Flame
Press: ? - help, Shift-Dir - straight line, f - kobold
Aim: a kobold, wielding a +2 dagger of venom (moderately wounded, 64% to hit)
The puff of flame hits the kobold!
You kill the kobold!
* * * LOW HITPOINT WARNING * * *
You feel very sick.
Aiming: Throw Flame
Press: ? - help, Shift-Dir - straight line, f - frilled lizard
Aim: a frilled lizard (53% to hit)
The puff of flame hits the frilled lizard.
You kill the frilled lizard!
* * * LOW HITPOINT WARNING * * *
You feel very sick.
It was a potion of magic.
Magic courses through your body.
You die...

#..._#.........#..### #
#........#######..## #
#.....##..##........### #
#.....#.##..#..###..#...#
# #.###.#.##....#
#.####.### # ...
#.#.....### #. #...# ##
... .........# #.
###.###. .. .#...###>##
#. ####...†. #....## #.@#
#.......# .... ##.)..#
#....##.. .## ####...#
#.....### ....#...#....
...#...##### ..##### # #
# # #


There were no monsters in sight!

Vanquished Creatures
  2 endoplasms (D:1)
  2 goblins (D:1)
  A hobgoblin (D:1)
  A quokka (D:1)
  5 bats (D:1)
  A frilled lizard (D:1)
  4 kobolds (D:1)
  4 rats (D:1)
20 creatures vanquished.

Vanquished Creatures (others)
  An endoplasm (D:1)
  2 goblins (D:1)
3 creatures vanquished.

Grand Total: 23 creatures vanquished

Notes
Turn   | Place    | Note
-------+----------+-------------------------------------------
     0 | D:1      | pkoi the Demigod Artificer began the quest for the Orb.
     0 | D:1      | Reached XP level 1. HP: 15/15 MP: 3/3
    86 | D:1      | Reached skill level 3 in Evocations
   591 | D:1      | Reached XP level 2. HP: 9/22 MP: 4/4
  1212 | D:1      | Succumbed to a kobold's poison

Illustrated notes

Levels and vault maps discovered:
D:1:      shiori_arrival_oz, layout_rooms, basic_ecumenical_altar,
          serial_curves, eino_curves_04, eino_curves_04,
          chequers_serial_rivers_small_b, minmay_bisected

Skill      XL: |  1 |
---------------+----+-----
Evocations     | 3 |  3.6
Fighting       | |  0.8
Armour         | |  1.7
Dodging        | |  0.8
Stealth        | |  0.8

Action                   || total
-------------------------++-------
Melee: Club              ||    57
       Short sword       ||    13
Evoke: Wand              ||     8
  Use: Potion            ||     1
Armor: Leather armour    ||    32
Dodge: Dodged            ||    64
